 Dungeon Crawl Stone Soup version 0.25-a0-734-g73332aeda9 (webtiles) character file.

Game seed: 14622456419581806395, levelgen mode: deterministic

548 wvc the Twirler (level 7, -11/40 HPs)
             Began as a Gargoyle Gladiator on Apr 10, 2020.
             Killed by divine providence
             ... invoked by an orc priest
              (13 damage)
             ... on level 4 of the Dungeon.
             The game lasted 00:12:19 (2894 turns).

wvc the Twirler (Gargoyle Gladiator)                Turns: 2894, Time: 00:12:20

Health: -11/40     AC: 13    Str: 18    XL:     7   Next: 28%
Magic:  7/7        EV: 11    Int:  8    God:
Gold:   81         SH:  0    Dex: 13    Spells: 6/6 levels left

rFire    . . .     SeeInvis .   h - +0 lajatang
rCold    . . .     Gourm    .   (shield currently unavailable)
rNeg     + . .     Faith    .   p - +0 ring mail
rPois    ∞         Spirit   .   c - +0 helmet
rElec    +         Reflect  .   m - +0 cloak
rCorr    .         Harm     .   e - +1 pair of gloves
MR       .....                  (no boots)
Stlth    +.........             (no amulet)
HPRegen  0.13/turn              (no ring)
MPRegen  0.10/turn              (no ring)

@: slowed, very slow
A: negative energy resistance 1, electricity resistance, unbreathing,
petrification resistance, rot immunity, AC +4
a: no special abilities


You were on level 4 of the Dungeon.
You were not hungry.

You visited 1 branch of the dungeon, and saw 4 of its levels.

You collected 81 gold pieces.

Inventory:

Hand Weapons
 a - a +0 flail
 h - a +0 lajatang (weapon)
 l - a +0 dagger of chaos
Missiles
 d - a throwing net (quivered)
 o - 8 poisoned darts
Armour
 c - a +0 helmet (worn)
 e - a +1 pair of gloves (worn)
 m - a +0 cloak (worn)
 p - a +0 ring mail (worn)
Magical Staves
 n - an uncursed staff of earth {unknown}
Jewellery
 g - an uncursed ring of wizardry
Scrolls
 k - 2 scrolls of amnesia
Comestibles
 f - 2 rations
 i - 3 chunks of flesh


   Skills:
 - Level 2.1 Fighting
 - Level 4.1(6.0) Maces & Flails
 * Level 6.8(7.4) Staves
 - Level 1.7 Throwing
 - Level 2.4 Dodging


You had 6 spell levels left.
You didn't know any spells.
Your spell library was empty.

Dungeon Overview and Level Annotations

Branches:
Dungeon (4/15)
 Temple: D:4-7

Altars:
Makhleb
Ru
Sif Muna
Xom

Annotations:
D:2 Natasha, Sigmund


Innate Abilities, Weirdness & Mutations

You are resistant to torment.
Your stone body is resilient. (AC +4)
You are immune to poison.
You resist negative energy. (rN+)
You are resistant to electric shocks. (rElec)
You can survive without breathing.
You are immune to petrification.
You are immune to rotting.


Message History

The orc priest calls upon Beogh to heal the orc priest.
Something hits you but does no damage.
The orc wizard mumbles some strange words.
The orc wizard blinks!
The orc wizard hits you but does no damage.
The orc priest barely misses you.
You hear some strange, mumbled words.
A puff of flame appears from out of thin air!
The puff of flame hits you!
* * * LOW HITPOINT WARNING * * *
The orc wizard barely misses you.
You slice the orc priest!!
You kill the orc priest!
You hear some strange, mumbled words.
A puff of frost appears from out of thin air!
The puff of frost hits you but does no damage.
The orc wizard hits you but does no damage.
The orc priest mumbles some strange prayers to Beogh against you.
Beogh smites you!
You die...

#....#..................
#....#..##...........##.
#....#..##..##...##..##.
#....#...#..#######.....
#....#)..#.......+.....(
#....o)..#.......##†.##.
#....#...#.......##..##.
#....#.§.#..............
#....#)@##..##...##.....
#....#oo##..##...##.....
#######
#....#............#.....
......#
#....#...[.......#######
......# #....#....<......#
......# #....#......##...#
..<...# #....'......##...#
####'#####....#####...#...#
..................#.<.#...#


You could see an orc priest and 2 orc wizards.

Vanquished Creatures
  An ice beast (D:4)
  A scorpion (D:3)
  A crimson imp (D:3)
  3 orc priests
  A hound (D:4)
  An orc wizard (D:3)
  Natasha (D:2)
  8 gnolls
  2 adders
  3 oozes
  2 dart slugs
  3 worms
  2 leopard geckos (D:3)
  18 orcs (D:3)
  7 bats
  4 giant cockroaches
  5 goblins
  A hobgoblin (D:3)
  10 jackals
  2 ball pythons
  A frilled lizard (D:3)
  5 kobolds
  3 rats
85 creatures vanquished.

Notes
Turn   | Place    | Note
-------+----------+-------------------------------------------
     0 | D:1      | wvc the Gargoyle Gladiator began the quest for the Orb.
     0 | D:1      | Reached XP level 1. HP: 12/12 MP: 1/1
   238 | D:1      | Reached XP level 2. HP: 15/17 MP: 2/2
   712 | D:2      | Noticed Sigmund
   771 | D:2      | Reached XP level 3. HP: 21/21 MP: 3/3
   809 | D:1      | Reached skill level 1 in Staves
  1125 | D:2      | Reached skill level 2 in Staves
  1154 | D:2      | Reached XP level 4. HP: 25/26 MP: 4/4
  1187 | D:2      | Noticed Natasha
  1198 | D:2      | Killed Natasha
  1198 | D:2      | Reached skill level 3 in Staves
  1216 | D:2      | Noticed Natasha
  1245 | D:3      | Reached XP level 5. HP: 21/30 MP: 5/5
  1435 | D:3      | Found a shimmering altar of Xom.
  1435 | D:3      | Found a burning altar of Makhleb.
  1450 | D:3      | Reached skill level 4 in Staves
  1562 | D:3      | Found a shimmering blue altar of Sif Muna.
  1806 | D:3      | Reached skill level 5 in Staves
  1806 | D:3      | Reached XP level 6. HP: 33/35 MP: 6/6
  2049 | D:3      | Found a sacrificial altar of Ru.
  2441 | D:3      | meem: I'm meem, an infobot run by MalcolmRoseGaming: Type
                  | !submeem to keep me in your games; !nomeem to shut me up
                  | forever; !meem for help; !whymeem if you want to know why
                  | meem exists. Visit http://youtube.com/malcolmrosegaming for
                  | more DCSS content.
  2716 | D:4      | Noticed an ice beast
  2731 | D:4      | Killed an ice beast
  2731 | D:4      | Reached skill level 6 in Staves
  2731 | D:4      | Reached XP level 7. HP: 40/40 MP: 7/7
  2893 | D:4      | HP: 2/40 [something/puff of flame (9)]
  2894 | D:4      | Killed from afar by an orc priest

Levels and vault maps discovered:
D:1:      shiori_shiawase, layout_basic
D:2:      layout_rooms, first_ration, kennysheep_generic_room_10, uniq_robin,
          uniq_sigmund, uniq_natasha
D:3:      layout_loops_cross, grunt_temple_overflow_champion_of_chaos,
          lemuel_round_altar, nicolae_overflow_crystal_walls
D:4:      layout_gridville, nicolae_gozag_seed_capital,
          nicolae_overflow_hidden_temple, minmay_goblin_outpost

Skill      XL: |  1  2  3  4  5  6 |
---------------+-------------------+-----
Maces & Flails | 4 |  4.1
Staves         | 2 3 5 6 |  6.8
Fighting       | |  2.1
Throwing       | |  1.7
Dodging        | |  2.4

Action                   |  1- 3 |  4- 6 |  7- 9 || total
-------------------------+-------+-------+-------++-------
Melee: Flail             |    39 |       |       ||    39
       Lajatang          |    19 |   191 |    36 ||   246
Throw: Throwing net      |       |     4 |       ||     4
  Use: Scroll            |     5 |     4 |       ||     9
       Potion            |       |     2 |     2 ||     4
  Eat: Ration            |     1 |       |       ||     1
       Chunk             |       |     3 |       ||     3
Armor: Leather armour    |    45 |    66 |       ||   111
       Ring mail         |       |       |    46 ||    46
Dodge: Dodged            |    55 |   110 |    29 ||   194

Table legend:
 A = Non-vault XP
 B = Vault XP
 C = Vault XP percentage of total XP
 D = Non-vault monster count
 E = Vault monster count
 F = Vault count percentage of total count
                 A         B        C        D         E       F
            +---------+---------+-------+---------+---------+-------
      Total |     700 |      83 |  10.6 |      83 |       2 |   2.4
            +---------+---------+-------+---------+---------+-------
        D:1 |      43 |       0 |   0.0 |      14 |       0 |   0.0
        D:2 |      81 |      35 |  30.2 |      13 |       1 |   7.1
        D:3 |     308 |      48 |  13.5 |      48 |       1 |   2.0
        D:4 |     268 |       0 |   0.0 |       8 |       0 |   0.0
            +---------+---------+-------+---------+---------+-------
